 Dungeon Crawl Stone Soup version 0.29.0-4-gdea44cf6ec (webtiles) character file.

Game seed: 15858158252414716134

97 qw the Chopper (level 4, -6/26 HPs)
             Began as a Tengu Warper on Aug 28, 2022.
             Splashed by a jelly's acid (11 damage)
             ... on level 6 of the Dungeon.
             The game lasted 00:00:09 (1824 turns).

qw the Chopper (Tengu Warper)                       Turns: 1824, Time: 00:00:10

Health: -6/26      AC: -3    Str: 13    XL:     4   Next: 68%
Magic:  8/8        EV: 10    Int: 14    God:
Gold:   68         SH:  5    Dex: 13    Spells: 7/7 levels left

rFire   . . .      SeeInvis .   Y - +0 hand axe
rCold   . . .      Faith    .   (no shield)
rNeg    + . .      Spirit   .   n - +0 chain mail
rPois   .          Reflect  +   (helmet restricted)
rElec   .          Harm     .   (no cloak)
rCorr   .          Rampage  .   (no gloves)
Will    .....                   (boots unavailable)
Stlth   ..........              d - amulet of reflection
HPRegen 0.08/turn               e - ring of positive energy
MPRegen 0.11/turn               g - +4 ring of evasion

@: corroded
A: beak, talons 3
a: no special abilities


You were on level 6 of the Dungeon.
You visited 1 branch of the dungeon, and saw 4 of its levels.

You collected 68 gold pieces.


Innate Abilities, Weirdness & Mutations

You have a beak for a mouth.
You have claws for feet.


   Skills:
 - Level 2.0 Fighting
 + Level 5.2 Axes
 - Level 1.0 Throwing
 - Level 1.1 Armour
 - Level 2.1 Dodging
 - Level 2.0 Spellcasting
 - Level 2.4 Translocations


You had 7 spell levels left.
You didn't know any spells.
Your spell library contained the following spells:

 Spells                   Type           Power      Damage    Failure   Level
 Blink                    Tloc           16%        N/A       99%         2
 Gell's Gravitas          Tloc           8%         N/A       100%        3
 Lesser Beckoning         Tloc           8%         N/A       100%        3
 Teleport Other           Tloc           8%         N/A       100%        3
 Manifold Assault         Tloc           8%         N/A       100%        5

Inventory:

Hand Weapons
 f - a +2 vampiric whip
 Y - a +0 hand axe (weapon)
Armour
 n - a +0 chain mail (worn)
Jewellery
 d - an amulet of reflection (around neck)
 e - a ring of positive energy (left hand)
 g - a +4 ring of evasion (right hand)
Scrolls
 a - a scroll of identify
 i - a scroll of teleportation
Potions
 b - a potion of ambrosia {unknown}
 c - a potion of lignification {unknown}
 h - a potion of invisibility {unknown}
 j - a potion of berserk rage {unknown}
 l - a potion of flight {unknown}
 m - a potion of degeneration {unknown}

Dungeon Overview and Level Annotations

Branches:
Dungeon (6/15)
 Temple: D:4-7

Altars:


Message History

You hit the scorpion. You claw the scorpion.
You peck the scorpion, but do no damage.
The scorpion is heavily wounded.
The scorpion stings you.
You slash the scorpion!
You claw the scorpion, but do no damage.
The scorpion is almost dead.
The scorpion stings you but does no damage.
The scorpion closely misses you.
You closely miss the scorpion. Your peck misses the scorpion.
The scorpion is almost dead.
The scorpion stings you.
You hit the scorpion but do no damage.
You claw the scorpion, but do no damage.
The scorpion is almost dead.
The scorpion stings you but does no damage.
You barely miss the scorpion.
The scorpion is almost dead.
You block the scorpion's attack.
You hit the scorpion.
You kill the scorpion!
Your Axes skill increases to level 5!
You have reached level 4!
You feel clever.
You start resting.
HP restored.
i - a scroll of teleportation
Enter note:
j - a lumpy orange potion
Enter note:
Found a stone staircase leading down.
A jelly comes into view.
The jelly quivers.
Enter note: You hit the jelly.
The acid corrodes you!
Your hands burn!
The jelly is moderately wounded.
The jelly hits you. The acid corrodes you!
You are splashed with acid!
You hit the jelly but do no damage. The acid corrodes you!
Your hands burn!
You claw the jelly. You peck the jelly, but do no damage.
The jelly is heavily wounded.
The jelly hits you.
You are splashed with acid!
You die...

##........... ........#
#.......###.. .........
#........... .........
##..........
........#####...........
..........##.##.........
..............##........
.......J.# #.....###....
.......@## ####....#....
.........## #.........
..........# ###.......##
..........# #.........#
.#..>.....# ##......###
#.......#####.....##
###.....###......##
###...##.......#
#........##...#


You could see a jelly.

Vanquished Creatures
  A scorpion (D:6)
  An adder (D:2)
  A worm (D:3)
  2 dart slugs
  2 endoplasms (D:1)
  A giant cockroach (D:1)
  A goblin (D:2)
  A hobgoblin (D:2)
  2 quokkas
  4 ball pythons
  3 bats (D:1)
  2 frilled lizards
  4 kobolds
  3 rats
28 creatures vanquished.

Notes
Turn   | Place    | Note
-------+----------+-------------------------------------------
     0 | D:1      | qw the Tengu Warper began the quest for the Orb.
     0 | D:1      | Reached XP level 1. HP: 12/12 MP: 4/4
     0 | D:1      | 0 ||| qw: Version: 0.1-a-89-g26bdef1
     0 | D:1      | 0 ||| qw: Game counter: 3373
     0 | D:1      | 0 ||| qw: Always use a shield: true
     0 | D:1      | 0 ||| qw: God list: Okawaru
     0 | D:1      | 0 ||| qw: Allow faded altars: false
     0 | D:1      | 0 ||| qw: Do Orc after D:15 true
     0 | D:1      | 0 ||| qw: Do second Lair branch before Depths: true
     0 | D:1      | 0 ||| qw: Lair rune preference: random
     0 | D:1      | 0 ||| qw: Plans: Normal
     0 | D:1      | 0 ||| PLANNING D:1-11
   148 | D:1      | Found a faded altar of an unknown god.
   173 | D:1      | Reached XP level 2. HP: 17/17 MP: 6/6
   181 | D:1      | Reached skill level 3 in Axes
   183 | D:1      | 183 ||| Stepping ~*~*~tactically~*~*~ (stealth).
   211 | D:1      | 211 ||| DROPPING +0 club.
   459 | D:1      | 459 ||| Stepping ~*~*~tactically~*~*~ (stealth).
   460 | D:1      | 460 ||| Stepping ~*~*~tactically~*~*~ (stealth).
   461 | D:1      | 461 ||| Stepping ~*~*~tactically~*~*~ (stealth).
   462 | D:1      | 462 ||| Stepping ~*~*~tactically~*~*~ (stealth).
   777 | D:1      | 777 ||| UPGRADING to +0 scale mail.
   787 | D:1      | 787 ||| DROPPING +0 leather armour.
   788 | D:1      | 788 ||| UPGRADING to +0 chain mail.
   798 | D:1      | 798 ||| DROPPING +0 scale mail.
   799 | D:1      | 799 ||| UPGRADING to amulet of reflection.
   804 | D:1      | 804 ||| UPGRADING to ring of positive energy.
   805 | D:1      | 805 ||| UPGRADING to +4 ring of evasion.
   806 | D:1      | 806 ||| READING scroll labelled SEJAUBB PUFO.
   811 | D:1      | 811 ||| DRINKING 2 red potions.
   812 | D:1      | 812 ||| DROPPING scroll of blinking.
   813 | D:1      | 813 ||| DROPPING potion of brilliance.
  1049 | D:2      | Identified the +2 leather armour of Asceticism {rPois Str+4
                  | Dex-3}
  1122 | D:2      | Identified the +4 dagger of the Pit {venom, *Corrode rElec
                  | rPois rF-}
  1150 | D:2      | Reached skill level 4 in Axes
  1150 | D:2      | Reached XP level 3. HP: 19/21 MP: 7/7
  1478 | D:2      | 1478 ||| READING 2 scrolls labelled NIMYTYMMIETT.
  1656 | D:3      | You fall into a shaft and drop 3 floors!
  1659 | D:6      | Noticed a scorpion
  1669 | D:6      | Killed a scorpion
  1670 | D:6      | Reached skill level 5 in Axes
  1670 | D:6      | Reached XP level 4. HP: 19/26 MP: 8/8
  1824 | D:6      | HP: 5/26 [jelly (2)]
  1824 | D:6      | Splashed by a jelly's acid

Levels and vault maps discovered:
D:1:      ncdulo_wetmaze, layout_loops_ring,
          shapermc_ecumenical_altar_mp_ritualfount, minmay_tromino_mix6
D:2:      layout_basic
D:3:      layout_rooms, kennysheep_crisscross
D:6:      minmay_goblin_kobold_castle, layout_cave_pools

Skill      XL: |  1  2  3 |
---------------+----------+-----
Axes           | 4 5 |  5.2
Fighting       | |  2.0
Throwing       | |  1.0
Armour         | |  1.1
Dodging        | |  2.1
Spellcasting   | |  2.0
Translocations | |  2.4

Action                   |  1- 3 |  4- 6 || total
-------------------------+-------+-------++-------
Melee: Hand axe          |    66 |     2 ||    68
       Kick              |    16 |     1 ||    17
       Peck              |    10 |     1 ||    11
Throw: Boomerang         |     7 |       ||     7
  Use: Scroll            |     2 |       ||     2
       Potion            |     1 |       ||     1
Armor: Leather armour    |     7 |       ||     7
       Chain mail        |    14 |       ||    14
Dodge: Dodged            |    17 |       ||    17
Block: Other             |     5 |       ||     5

Table legend:
 A = Non-vault XP
 B = Vault XP
 C = Vault XP percentage of total XP
 D = Non-vault monster count
 E = Vault monster count
 F = Vault count percentage of total count
                 A         B        C        D         E       F
            +---------+---------+-------+---------+---------+-------
      Total |     135 |       4 |   2.9 |      25 |       3 |  10.7
            +---------+---------+-------+---------+---------+-------
        D:1 |      23 |       4 |  14.8 |      14 |       3 |  17.6
        D:2 |      23 |       0 |   0.0 |       8 |       0 |   0.0
        D:3 |       9 |       0 |   0.0 |       2 |       0 |   0.0
        D:6 |      80 |       0 |   0.0 |       1 |       0 |   0.0
            +---------+---------+-------+---------+---------+-------
